 Dungeon Crawl Stone Soup version 0.29-a0-319-gad05b8d819 (webtiles) character file.

Game seed: 5249532409386649379

4641 sammy202020 the Skirmisher (level 10, -18/76 (80) HPs)
             Began as a Demonspawn Berserker on Apr 1, 2022.
             Was a Priest of Trog.
             Demolished by an ogre
             ... wielding a +0 giant club
              (23 damage)
             ... on level 9 of the Dungeon.
             The game lasted 00:16:16 (10951 turns).

sammy202020 the Skirmisher (Demonspawn Berserker)  Turns: 10951, Time: 00:16:16

HP:   -18/76 (80)   AC: 16    Str: 20    XL:     10   Next: 20%
MP:   3/3           EV: 10    Int: 11    God:    Trog [***...]
Gold: 481           SH: 11    Dex: 12    Spells: 9/9 levels left

rFire   + + +      SeeInvis +   d - +2 hand axe (antimagic)
rCold   + + .      Faith    .   b - +2 shield of Resistance {rF++ rC++ Will++}
rNeg    . . .      Spirit   .   q - +1 scale mail {rF+}
rPois   .          Reflect  .   p - +0 helmet
rElec   +          Harm     .   r - +2 cloak
rCorr   +          Rampage  .   (no gloves)
Will    ++++.                   n - +0 pair of boots
Stlth   ..........              (no amulet)
HPRegen 1.22/turn               G - ring of see invisible
MPRegen 0.08/turn               C - ring of resist corrosion

@: mighty, strong-willed, on berserk cooldown, regenerating, slowed, drained,
very slow
A: molten scales 1, ignite blood 1, powered by pain 2, weakness stinger 1, high
MP 1, electricity resistance, MP-powered wands
a: Renounce Religion, Berserk, Trog's Hand


You were on level 9 of the Dungeon.
You worshipped Trog.
Trog was most pleased with you.
You visited 1 branch of the dungeon, and saw 9 of its levels.

You collected 481 gold pieces.

Inventory:

Hand Weapons
 d - a +2 antimagic hand axe (weapon)
 i - a +0 mace
Missiles
 e - 7 curare-tipped darts (quivered)
 g - 6 boomerangs
 w - 25 poisoned darts
 y - 3 datura-tipped darts
Armour
 b - the +2 shield of Resistance (worn) {rF++ rC++ Will++}
   (You acquired it on level 2 of the Dungeon)

   rF:        It greatly protects you from fire.
   rC:        It greatly protects you from cold.
   Will:      It greatly increases your willpower.
 n - a +0 pair of boots (worn)
 o - a +0 plate armour
 p - a +0 helmet (worn)
 q - a +1 scale mail of fire resistance (worn)
 r - a +2 cloak (worn)
Jewellery
 m - a +6 ring of intelligence
 C - a ring of resist corrosion (right hand)
 G - a ring of see invisible (left hand)
Wands
 s - a wand of digging (7)
 z - a wand of paralysis (4)
 A - a wand of polymorph (9)
 B - a wand of mindburst (12)
Scrolls
 h - 5 scrolls of teleportation
 k - 2 scrolls of blinking
 v - 3 scrolls of enchant armour
 D - a scroll of silence
 E - a scroll of identify
 F - a scroll of enchant weapon
Potions
 a - a potion of magic
 c - 3 potions of curing
 f - 2 potions of mutation
 j - 2 potions of attraction
 l - a potion of lignification
 t - 2 potions of flight
 u - a potion of might


   Skills:
 * Level 7.9 Fighting
 * Level 7.1 Axes
 * Level 6.8 Armour
 + Level 4.9 Dodging
 * Level 5.8 Shields


You had 9 spell levels left.
You didn't know any spells.
Your spell library was empty.

Dungeon Overview and Level Annotations

Branches:
Dungeon (9/15)             Temple (0/1) D:5            Lair (0/6) D:9
    Orc (0/2) D:9

Altars:
Ashenzari
Cheibriados
Gozag
Hepliaklqana
Okawaru
Qazlal
Ru
Trog
Vehumet
Xom


Innate Abilities, Weirdness & Mutations

You are partially covered in molten scales. (AC +2)
Your demonic aura sometimes causes spilled blood to erupt in flames.
You sometimes gain power by taking damage.
You have a small tail.
You have an increased reservoir of magic. (+10% MP)
You are resistant to electric shocks. (rElec)
You expend magic power (3 MP) to strengthen your wands.


Message History

The kobold brigand hits you with a +0 whip.
The ogre hits you with a +0 giant club!!
* * * LOW HITPOINT WARNING * * *
You focus on the pain.
You feel very mighty all of a sudden.
The gnoll sergeant hits you from afar with a +0 spear.
* * * LOW HITPOINT WARNING * * *
You block the gnoll sergeant's attack. The troll bites you but does no damage.
The troll completely misses you. The troll claws you but does no damage.
The gnoll sergeant hits you but does no damage.
You feel much better. The ogre completely misses you.
The gnoll sergeant hits you but does no damage.
The kobold brigand hits you with a +0 whip.
The troll misses you. The troll completely misses you.
The troll claws you but does no damage.
The gnoll sergeant hits you but does no damage.
You feel mightier all of a sudden. You block the gnoll sergeant's attack.
The troll bites you.
* * * LOW HITPOINT WARNING * * *
The troll claws you.
* * * LOW HITPOINT WARNING * * *
The troll claws you.
* * * LOW HITPOINT WARNING * * *
The kobold brigand hits you with a +0 whip.
* * * LOW HITPOINT WARNING * * *
You block the ogre's attack.
The kobold brigand hits you with a +0 whip.
* * * LOW HITPOINT WARNING * * *
The gnoll sergeant hits you but does no damage. x2
You block the troll's attack. The troll barely misses you.
The troll claws you but does no damage. The gnoll sergeant barely misses you.
The gnoll sergeant hits you from afar with a +0 trident.
* * * LOW HITPOINT WARNING * * *
The kobold brigand hits you with a +0 whip.
* * * LOW HITPOINT WARNING * * *
The kobold brigand hits you but does no damage.
Your skin crawls.
You feel strong-willed.
The ogre hits you with a +0 giant club!!
You die...

#.
#.....########.##.
#.....##8...8#.##.
#.....##..g..#.##.
#.....##..Og.#.##.
#.....##gKKTg#.##.
#.....##8..K8#.##.
#KKg.K.###'###.##.
#@Tgg......))..##.
#.Og..########.##.
#$..:.##..###..##.
........##..........
####################


You could see a troll, 3 kobold brigands, an ogre and 4 gnoll sergeants.

Vanquished Creatures
  A centaur warrior (D:8)
  A two-headed ogre (D:8)
  A wyvern (D:7)
  Sigmund (D:2)
  Menkaure (D:7)
  An acid dragon (D:8)
  A water moccasin (D:5)
  2 orc warriors (D:9)
  Duvessa (D:7)
  6 black bears
  An ice beast (D:8)
  2 ogres
  A centaur (D:9)
  2 kobold brigands
  A gnoll sergeant (D:6)
  3 bullfrogs
  4 scorpions
  5 necrophages
  Dowan (D:7)
  A howler monkey (D:5)
  4 orc priests
  A jelly (D:7)
  Ijyb (D:5)
  Jessica (D:3)
  4 orc wizards
  5 iguanas
  Robin (D:2)
  10 gnolls
  3 adders
  A shadow imp (D:6)
  A white imp (D:6)
  2 worms
  A dart slug (D:4)
  16 orcs
  8 endoplasms
  5 giant cockroaches
  19 goblins
  6 hobgoblins
  13 kobolds
  2 quokkas
  11 ball pythons
  9 bats
  4 frilled lizards
  7 rats
172 creatures vanquished.

Vanquished Creatures (others)
  7 fungi
  3 plants (D:9)
10 creatures vanquished.

Grand Total: 182 creatures vanquished

Notes
Turn   | Place    | Note
-------+----------+-------------------------------------------
     0 | D:1      | sammy202020 the Demonspawn Berserker began the quest for
                  | the Orb.
     0 | D:1      | Reached XP level 1. HP: 18/18 MP: 1/1
   253 | D:1      | Gained mutation: You have a small tail. [demonic ancestry]
   253 | D:1      | Reached XP level 2. HP: 21/24 MP: 2/2
  1170 | D:2      | Found a faded altar of an unknown god.
  1246 | D:2      | Reached XP level 3. HP: 29/29 MP: 3/3
  1358 | D:2      | Noticed Robin
  1367 | D:2      | Killed Robin
  1367 | D:2      | Reached ** piety under Trog
  1774 | D:2      | Noticed Sigmund
  1787 | D:2      | Killed Sigmund
  1788 | D:2      | Reached XP level 4. HP: 35/37 MP: 4/4
  1788 | D:2      | Gained mutation: You sometimes gain a little power by
                  | taking damage. [demonic ancestry]
  1788 | D:2      | Reached XP level 5. HP: 40/42 MP: 5/5
  1867 | D:2      | Identified a scroll of acquirement
  1867 | D:2      | Acquired the +2 shield of Resistance {rF++ rC++ Will++}
  1867 | D:2      | Found the +2 shield of Resistance {rF++ rC++ Will++}
  2506 | D:3      | Noticed Jessica
  2523 | D:3      | Killed Jessica
  3136 | D:4      | Gained mutation: You are partially covered in molten
                  | scales. (AC +2) [demonic ancestry]
  3136 | D:4      | Reached XP level 6. HP: 34/49 MP: 2/6
  3296 | D:4      | Reached skill level 1 in Shields
  3314 | D:4      | Reached *** piety under Trog
  3548 | D:4      | Found an opulent altar of Gozag.
  3908 | D:4      | Reached XP level 7. HP: 21/55 MP: 2/7
  4235 | D:5      | Entered Level 5 of the Dungeon
  4235 | D:5      | Found a staircase to the Ecumenical Temple.
  4348 | D:5      | Reached skill level 5 in Fighting
  4551 | D:5      | Noticed Ijyb
  4572 | D:5      | Killed Ijyb
  5387 | D:6      | Reached skill level 5 in Axes
  5387 | D:6      | Gained mutation: You sometimes gain power by taking damage.
                  | [demonic ancestry]
  5387 | D:6      | Reached XP level 8. HP: 61/63 MP: 2/8
  5477 | D:6      | Found a shimmering altar of Xom.
  5734 | D:6      | Reached skill level 5 in Armour
  6113 | D:6      | Gained mutation: You sometimes lose the ability to read
                  | scrolls when taking damage. [potion of mutation]
  6113 | D:6      | Gained mutation: You occasionally shout uncontrollably at
                  | your foes. [potion of mutation]
  6113 | D:6      | Gained mutation: Your muscles are strong. (Str +2) [potion
                  | of mutation]
  6114 | D:6      | Lost mutation: You occasionally shout uncontrollably at
                  | your foes. [potion of mutation]
  6114 | D:6      | Lost mutation: You sometimes lose the ability to read
                  | scrolls when taking damage. [potion of mutation]
  6114 | D:6      | Lost mutation: Your muscles are strong. (Str +2) [potion of
                  | mutation]
  6114 | D:6      | Gained mutation: You expend magic power (3 MP) to
                  | strengthen your wands. [potion of mutation]
  6114 | D:6      | Gained mutation: You are resistant to electric shocks.
                  | (rElec) [potion of mutation]
  6114 | D:6      | Gained mutation: You have an increased reservoir of magic.
                  | (+10% MP) [potion of mutation]
  6583 | D:7      | Noticed Duvessa
  6585 | D:7      | Noticed Dowan
  6590 | D:7      | Noticed Menkaure
  6594 | D:7      | Killed Dowan
  6596 | D:7      | Killed Duvessa
  6601 | D:7      | Killed Menkaure
  7296 | D:7      | Reached **** piety under Trog
  7297 | D:7      | Gained mutation: Your demonic aura sometimes causes spilled
                  | blood to erupt in flames. [demonic ancestry]
  7297 | D:7      | Reached XP level 9. HP: 55/71 MP: 3/9
  7386 | D:7      | Found a snail-covered altar of Cheibriados.
  7394 | D:7      | Found a broken altar of Ashenzari.
  7401 | D:7      | Found an iron altar of Okawaru.
  7408 | D:7      | Found a stormy altar of Qazlal.
  7414 | D:7      | Found a bloodstained altar of Trog.
  7421 | D:7      | Found a sacrificial altar of Ru.
  7426 | D:7      | Found a hazy altar of Hepliaklqana.
  7938 | D:7      | Found a radiant altar of Vehumet.
  8295 | D:8      | Noticed a two-headed ogre
  8306 | D:8      | Killed a two-headed ogre
  8307 | D:8      | Reached skill level 5 in Shields
  9372 | D:8      | Noticed a centaur warrior
  9407 | D:8      | Killed a centaur warrior
  9408 | D:8      | Reached XP level 10. HP: 39/79 MP: 3/11
 10064 | D:9      | Found a staircase to the Lair.
 10876 | D:9      | Found a staircase to the Orcish Mines.
 10951 | D:9      | Demolished by an ogre

Illustrated notes

Levels and vault maps discovered:
D:1:      dpeg_chamrin_arrival_tetris, layout_basic, dreamdust_princess_bridge,
          minmay_heptomino_w4
D:2:      layout_basic, ebering_ecumenical_altar_abandoned,
          dreamdust_mushroom_princess, minmay_puff, uniq_sigmund, uniq_robin
D:3:      layout_basic, serial_curves, eino_curves_03, eino_curves_03,
          eino_curves_01, eino_curves_03, chequers_serial_rivers_micro_a,
          uniq_jessica
D:4:      layout_rooms, grunt_gozag_statues, hangedman_abyss_or_decor_stagger
D:5:      layout_basic, minmay_temple_entry_proselytizer, minivault_5, uniq_ijyb
D:6:      layout_basic, lemuel_crystal_altar, portal_sewer_entry_e
D:7:      layout_layer_cave, grunt_temple_overflow_octagram, marbit_many_paths,
          uniq_menkaure, uniq_duvessa
D:8:      layout_basic
D:9:      layout_long_grid, mainiacjoe_overflow_24_doors,
          nicolae_tso_swordbearing_angel, grunt_lair_entry_orc_guard_hut,
          kennysheep_orc_monster_closet_entryway

Skill      XL: |  1  2  3  4  5  6  7  8  9 10 |
---------------+-------------------------------+-----
Armour         | 2 3 4 5 6 |  6.8
Axes           | 3 4 5 6 7 |  7.1
Dodging        | 2 3 4 |  4.9
Fighting       | 4 5 6 7 |  7.9
Shields        | 1 2 4 5 |  5.8

Action                   |  1- 3 |  4- 6 |  7- 9 | 10-12 || total
-------------------------+-------+-------+-------+-------++-------
Melee: Hand axe          |    96 |   155 |   410 |    88 ||   749
       Tailslap          |    12 |    18 |    72 |    12 ||   114
Invok: Berserk           |       |     1 |     6 |     3 ||    10
       Trog's Hand       |       |       |     2 |     4 ||     6
  Use: Scroll            |       |    15 |     4 |     2 ||    21
       Potion            |       |       |     2 |     4 ||     6
Armor: Animal skin       |    35 |       |       |       ||    35
       Scale mail        |     8 |    86 |   258 |    75 ||   427
Dodge: Dodged            |    66 |    55 |   179 |    50 ||   350
Block: Kite shield       |       |    69 |   270 |    84 ||   423

Table legend: (Time is in decaauts)
 A = Elapsed time spent in this place.
 B = Non-inter-level travel time spent in this place.
 C = Inter-level travel time spent in this place.
 D = Time resting spent in this place.
 E = Time spent auto-exploring this place.
 F = Levels seen in this place.
 G = Mean time per level.
                   A        B        C        D        E       F      G
               +--------+--------+--------+--------+--------+-----+--------+
         Total |  11166 |  10969 |    197 |   1650 |   7583 |   9 | 1240.7 |
       Dungeon |  11166 |  10969 |    197 |   1650 |   7583 |   9 | 1240.7 |
               +--------+--------+--------+--------+--------+-----+--------+

Top non-repeatable levels by time:
     D:7: 1833 daAuts
     D:8: 1776 daAuts
     D:1: 1167 daAuts
     D:5: 1158 daAuts
     D:6: 1146 daAuts
     D:4: 1145 daAuts
     D:3: 1009 daAuts
     D:2: 980 daAuts
     D:9: 950 daAuts
